 Dungeon Crawl Stone Soup version 0.17-a0-2064-g265a032 (webtiles) character file.

1421 Shim the Charmwright (level 8, -4/52 HPs)
             Began as a High Elf Skald on Oct 12, 2015.
             Killed by divine providence
             ... invoked by an orc priest
              (11 damage)
             ... on level 4 of the Dungeon.
             The game lasted 00:45:01 (7312 turns).

Shim the Charmwright (High Elf Skald)               Turns: 7312, Time: 00:45:01

Health: -4/52      AC:  4    Str: 13    XL:     8   Next: 44%
Magic:  18/25      EV: 14    Int: 17    God:
Gold:   281        SH:  0    Dex: 16    Spells: 6 memorised, 4 levels left

rFire  . . .     SeeInvis .     g - +1 short sword (elec)
rCold  . . .     Clarity  .     u - +0 leather armour {rN+}
rNeg   + . .     SustAt   .     (no shield)
rPois  .         Gourm    .     r - +0 helmet
rElec  .         Spirit   .     (no cloak)
rCorr  .         Warding  .     (no gloves)
rMut   .         Stasis   .     (no boots)
MR     .....                    (no amulet)
Stlth  +++.......               D - ring of magical power
                                s - +2 ring of strength

@: starving, not resistant to hostile enchantments, fairly stealthy
A: no striking features
a: no special abilities


You were on level 4 of the Dungeon.
You were starving.

You visited 1 branch of the dungeon, and saw 5 of its levels.

You collected 281 gold pieces.

Inventory:

Hand Weapons
 a - a +0 short sword
 e - a cursed -3 dagger
 g - a +1 short sword of electrocution (weapon)
 k - a +2 mace of crushing
 n - a +0 shortbow
 v - a +1 dagger of electrocution
 B - a +1 vampiric spear
Missiles
 w - 22 arrows
Armour
 b - a +0 leather armour
 j - a +2 ring mail of poison resistance
 r - a +0 helmet (worn)
 u - a +0 leather armour of positive energy (worn)
 E - a +2 robe
Jewellery
 i - an uncursed amulet of inaccuracy
 s - a +2 ring of strength (left hand)
 D - a ring of magical power (right hand)
Wands
 f - a wand of teleportation (6)
 y - a wand of confusion (6)
Scrolls
 h - a scroll of enchant armour
 l - a scroll of identify
 t - a scroll of fog {unknown}
 G - a scroll of remove curse
Potions
 m - a potion of cancellation {unknown}
 p - a potion of ambrosia {unknown}
 q - a potion of haste {unknown}
 x - 2 potions of brilliance {unknown}
 F - 2 potions of poison {unknown}
Books
 c - a book of Battle

   Spells                             Type                      Level
   a - Infusion                       Charms                       1
   b - Shroud of Golubria             Charms/Translocation         2
   c - Song of Slaying                Charms                       2
   d - Spectral Weapon                Hexes/Charms                 3
   e - Regeneration                   Charms/Necromancy            3
 C - a Young Poisoner's Handbook

   Spells                             Type                      Level
   a - Sting                          Conjuration/Poison           1
   b - Cure Poison                    Poison                       2
   c - Mephitic Cloud                 Conjuration/Poison/Air       3
   d - Olgreb's Toxic Radiance        Poison                       4
   e - Venom Bolt                     Conjuration/Poison           5
Comestibles
 d - 3 bread rations
 o - 4 fruits
 z - 3 slices of pizza
 A - a meat ration


   Skills:
 + Level 3.1 Fighting
 + Level 3.9 Short Blades
 + Level 2.6 Bows
 + Level 2.7 Armour
 + Level 4.7 Dodging
 * Level 4.7 Stealth
 + Level 5.1 Spellcasting
 + Level 1.3 Hexes
 + Level 6.0 Charms
 + Level 0.5 Necromancy
 + Level 2.1 Translocations
 + Level 0.4 Poison Magic


You had 4 spell levels left.
You knew the following spells:

 Your Spells              Type           Power        Failure   Level  Hunger
a - Infusion              Chrm           ###...       1%          1    None
b - Regeneration          Chrm/Necr      ###.......   14%         3    ###....
c - Shroud of Golubria    Chrm/Tloc      ###.......   8%          2    #......
d - Spectral Weapon       Hex/Chrm       ###.....     14%         3    ###....
e - Song of Slaying       Chrm           ###.....     2%          2    #......
f - Cure Poison           Pois           #.........   24%         2    #......


Dungeon Overview and Level Annotations

Branches:
Dungeon (5/15)
 Temple: D:4-7

Altars:
Sif Muna

Annotations:
D:3 Sigmund


Message History

* * * LOW HITPOINT WARNING * * *
The gnoll misses you.
You swap places.
The gnoll sergeant closely misses you.
Read which item? (? for menu, Esc to quit)
Okay, then.
Drink which item? (? for menu, Esc to quit)
Okay, then.
The gnoll sergeant hits your spectral weapon with a trident of flaming!
Your spectral weapon shares its damage with you!
The gnoll sergeant burns your spectral weapon.
* * * LOW HITPOINT WARNING * * *
Your spectral weapon fades away.
Your magical contamination has completely faded away.
There is a stone staircase leading up here.
You climb upwards.
The orc priest shouts!
There is a stone staircase leading down here.
The orc priest calls down the wrath of Beogh upon you.
Something smites you!
You die...

#........############
#.........#.#.#.#.#.##
#....................#
#.........#.#.#.#.#.##
#....................#
#........##.#.#.#.#)######
#........#................
###........##.#.#.#.#.#.....
#........>.@.)..............
#.#........##.#.#.#.#.#.....
#.#.........................
#.#........##.#.#.#.#.#.....
#.###.o...##...........#.###
#.# #.###...#.#.#.#.#.#.....
#.###..............<...#.###
#...........#.#.#.#.#.#.....
######..................#.##


You could see an orc priest.

Vanquished Creatures
  Grinder (D:3)
  A water moccasin (D:5)
  2 ice beasts (D:3)
  2 ogres
  Blork the orc (D:4)
  2 iguanas (D:4)
  Ijyb (D:3)
  A hound (D:5)
  A jelly (D:5)
  A giant frog skeleton (D:4)
  Jessica (D:3)
  2 orc wizards
  Terence (D:2)
  4 worker ants (D:4)
  Natasha (thrice) (D:2)
  A worker ant zombie (D:5)
  3 gnolls
  12 adders
  3 oozes
  4 worms
  An adder skeleton (D:4)
  2 giant geckos
  9 orcs
  11 bats
  10 hobgoblins
  10 jackals (D:2)
  2 quokkas
  8 giant cockroaches
  A giant cockroach zombie (D:5)
  A giant gecko skeleton (D:5)
  5 giant newts
  9 goblins
  7 kobolds
  11 rats
134 creatures vanquished.

Vanquished Creatures (others)
  4 spectral weapons
4 creatures vanquished.

Grand Total: 138 creatures vanquished

Notes
Turn   | Place    | Note
--------------------------------------------------------------
     0 | D:1      | Shim the High Elf Skald began the quest for the Orb.
     0 | D:1      | Reached XP level 1. HP: 14/14 MP: 4/4
   271 | D:1      | Reached skill level 4 in Charms
   289 | D:1      | Reached XP level 2. HP: 14/19 MP: 6/6
   410 | D:1      | Reached skill level 1 in Armour
  1059 | D:2      | Noticed Terence
  1061 | D:2      | Killed Terence
  1061 | D:2      | Reached XP level 3. HP: 24/24 MP: 8/8
  1066 | D:2      | Learned a level 3 spell: Regeneration
  1069 | D:2      | Learned a level 2 spell: Shroud of Golubria
  1264 | D:2      | Reached XP level 4. HP: 21/29 MP: 6/9
  1613 | D:2      | Noticed Natasha
  1614 | D:2      | Killed Natasha
  2228 | D:2      | Reached XP level 5. HP: 35/35 MP: 7/10
  2239 | D:2      | Learned a level 3 spell: Spectral Weapon
  2390 | D:2      | Found a deep blue altar of Sif Muna.
  2562 | D:2      | Noticed Natasha
  2575 | D:2      | Killed Natasha
  2792 | D:2      | Noticed Natasha
  2800 | D:2      | Killed Natasha
  2968 | D:3      | Noticed Grinder
  2990 | D:3      | Killed Grinder
  2990 | D:3      | Reached skill level 5 in Charms
  2990 | D:3      | Reached XP level 6. HP: 23/41 MP: 4/12
  3265 | D:3      | Noticed an ice beast
  3300 | D:3      | HP: 2/41 [ice beast (9)]
  3305 | D:3      | Killed an ice beast
  3305 | D:3      | Reached skill level 1 in Translocations
  3648 | D:3      | Learned a level 2 spell: Song of Slaying
  3677 | D:3      | Noticed an ice beast
  3685 | D:3      | Killed an ice beast
  3685 | D:3      | Reached skill level 1 in Hexes
  3685 | D:3      | Reached XP level 7. HP: 15/45 MP: 6/13
  3834 | D:3      | Noticed Jessica
  3856 | D:3      | Killed Jessica
  4177 | D:3      | Noticed Ijyb
  4188 | D:3      | Killed Ijyb
  4242 | D:3      | Noticed Sigmund
  4299 | D:3      | HP: 1/46 [something/puff of flame (11)]
  5320 | D:4      | Reached skill level 1 in Bows
  5359 | D:4      | Learned a level 2 spell: Cure Poison
  6020 | D:4      | Reached XP level 8. HP: 32/52 MP: 10/15
  6336 | D:4      | Noticed Blork the orc
  6370 | D:4      | Killed Blork the orc
  6538 | D:5      | Entered Level 5 of the Dungeon
  6688 | D:5      | Reached skill level 5 in Spellcasting
  6935 | D:5      | Reached skill level 6 in Charms
  7312 | D:4      | Killed from afar by an orc priest

Vault maps used:
D:1:      grunt_arrival_crossed_arrows, minivault_26, monster_avoids_cloud
D:2:      overflow_temple_1_default, roderic_st_hans_cross, uniq_natasha,
          uniq_terence
D:3:      uniq_grinder, uniq_jessica, uniq_iyjb, uniq_sigmund
D:4:      st_stairs_11, uniq_blork_the_orc
D:5:      first_bread

Action                   |  1- 3 |  4- 6 |  7- 9 || total
-------------------------+-------+-------+-------++-------
Melee: Short sword       |    90 |   188 |   147 ||   425
 Fire: Shortbow          |       |       |    64 ||    64
 Cast: Shroud of Golubri |     2 |    15 |    21 ||    38
       Infusion          |       |     4 |     7 ||    11
       Spectral Weapon   |       |     8 |    20 ||    28
       Regeneration      |       |     2 |    12 ||    14
       Song of Slaying   |       |     1 |     4 ||     5
       Cure Poison       |       |       |     2 ||     2
  Use: Scroll            |       |       |     7 ||     7
       Potion            |       |       |     1 ||     1
 Stab: Sleeping          |     1 |     3 |     4 ||     8
       Distracted        |       |       |     1 ||     1
  Eat: Chunk             |     1 |    10 |    14 ||    25
